 Dungeon Crawl Stone Soup version 0.31-a0-965-g8a8ce12e04 (webtiles) character file.

Game seed: 5101046552405991835

191 night the Ruffian (level 5, -5/33 HPs)
             Began as an Octopode Shapeshifter on Oct 26, 2023.
             Killed from afar by a white imp (11 damage)
             ... with a puff of frost
             ... summoned by Eustachio
             ... on level 4 of the Dungeon.
             The game lasted 00:06:15 (2583 turns).

night the Ruffian (Octopode Shapeshifter)           Turns: 2583, Time: 00:06:16

Health: -5/33      AC:  1    Str: 14    XL:     5   Next: 70%
Magic:  5/5        EV: 13    Int: 12    God:
Gold:   170        SH:  0    Dex: 13    Spells: 4/4 levels left

rFire   . .          .
                       - Unarmed
rCold   . . .        (no shield)
rNeg    . . .        (helmet currently unavailable)
rPois   .            (no amulet)
rElec   .            (no ring)
rCorr   .            (no ring)
SInv    .            (no ring)
Will    +....        (no ring)
Stlth   +++          (no ring)
HPRegen 0.25/turn    (no ring)
MPRegen 0.09/turn    (no ring)
                     (no ring)

%: no passive effects
@: beast-form, enlightened
A: beast (slay +2), almost no armour, amphibious, 8 rings, camouflage 1,
gelatinous body 1, (nimble swimmer 1), tentacles
a: Begin Untransformation


You were on level 4 of the Dungeon.
You were a hulking beast.
You visited 1 branch of the dungeon, and saw 4 of its levels.

You collected 170 gold pieces.

Inventory:

Hand Weapons
 e - a +2 mace of holy wrath
 i - a +2 short sword of holy wrath
Missiles
 k - 5 boomerangs (quivered)
 l - 7 poisoned darts
 o - 10 stones
Jewellery
 p - an amulet of guardian spirit
 q - an amulet of faith
Talismans
 b - a beast talisman
 c - a flux talisman
Scrolls
 j - 4 scrolls of identify {unknown}
 m - 2 scrolls of teleportation {unknown}
Potions
 h - 4 potions of enlightenment
 n - a potion of curing {unknown}


   Skills:
 - Level 1.0 Fighting
 + Level 2.7 Dodging
 + Level 3.3 Stealth
 * Level 4.6 Unarmed Combat
 + Level 3.7 Shapeshifting


You had 4 spell levels left.
You didn't know any spells.
Your spell library contained the following spells:

 Spells                   Type           Power      Damage    Failure   Level
 Volatile Blastmotes      Fire/Tloc      0%         2d10      69%         3
 Fulminant Prism          Conj/Hex       0%         3d5       97%         4
 Iskenderun's Mystic Bla  Conj/Tloc      0%         2d3       97%         4


Dungeon Overview and Level Annotations

Branches:
Dungeon (4/15)
 Temple: D:4-7

Altars:

Annotations:
D:4 Eustachio


Innate Abilities, Weirdness & Mutations

You are a hulking beast.
Your limbs bulge with bestial killing power. (Slay +2)
You cannot wear most types of armour.
You are amphibious.
You can wear up to eight rings at the same time.
Your skin changes colour to match your surroundings (Stealth+).
Your rubbery body absorbs attacks. (AC +1, EV +1)
((You are camouflaged when in or above water. (Stealth+)))
You have tentacles for arms and can constrict up to eight enemies at once.


Message History

You constrict the shadow imp. The shadow imp closely misses you.
You completely miss the shadow imp.
The shadow imp is moderately wounded.
You constrict the shadow imp, but do no damage.
The shadow imp hits you.
You tentacle-slap the shadow imp.
The shadow imp is severely wounded.
You constrict the shadow imp. The shadow imp hits you.
You tentacle-slap the shadow imp.
You kill the shadow imp!
The shadow imp disappears in a puff of smoke!
Eustachio gestures wildly while chanting.
You barely miss the quasit. Your grab misses the quasit.
The quasit barely misses you. The quasit closely misses you.
The quasit claws you.
You tentacle-slap the quasit but do no damage.
Your grab misses the quasit.
Your tentacle-slap misses the quasit.
Eustachio brags, "I can call spirits from the vasty deep."
The quasit barely misses you. The quasit claws you.
The quasit closely misses you.
You barely miss the quasit. You grab the quasit. You squeeze the quasit.
The quasit is heavily wounded.
You constrict the quasit.
The quasit bites you but does no damage.
The quasit barely misses you. The quasit claws you.
As you read the scroll labelled GECEXE FEON, it dissolves into smoke.
It was a scroll of fog.
You constrict the quasit, but do no damage.
The quasit bites you. The quasit closely misses you. The quasit claws you.
* * * LOW HITPOINT WARNING * * *
You release your grip on the quasit.
The quasit bites you.
* * * LOW HITPOINT WARNING * * *
The quasit barely misses you. The quasit closely misses you.
Blink to where?
Press: ? - help, Dir - move target
As you read the scroll labelled DONOTW NECKAMM, it crumbles to dust.
It was a scroll of blinking.
The white imp gestures at you. The puff of frost hits you!
You die...

#.# #.#######.#
#.########.# #.#
##...)......#######.#
......#####.........#
##.##.# ####.####.#
##.##.# #.# #.# #..##.#
#.# #.# #..##.##### #.#
#.#
#..##.#...####.####h###
......#.#..........§§§#
#
#..####...####.####5#5#
..@ #........## #.#
#.#5##§..# #.########
#.# #.#§§@.§# #.# #.#
##.#.##5# #.# #.# ###.#
§. #.# #.# #.# ..# #..
#.# #.# ##


You could see a quasit (summoned) and a white imp (summoned).

Vanquished Creatures
  A sky beast (D:4)
  3 adders
  2 dart slugs (D:1)
  5 orcs (D:3)
  7 endoplasms
  5 giant cockroaches
  7 goblins
  5 hobgoblins
  2 jackals (D:1)
  3 quokkas
  5 ball pythons
  4 bats
  A frilled lizard (D:2)
  4 kobolds
  6 rats
60 creatures vanquished.

Notes
Turn   | Place    | Note
-------+----------+-------------------------------------------
     0 | D:1      | night the Octopode Shapeshifter began the quest for the
                  | Orb.
     0 | D:1      | Reached XP level 1. HP: 13/13 MP: 1/1
    69 | D:1      | Reached XP level 2. HP: 18/18 MP: 2/2
    86 | D:1      | Reached skill level 1 in Stealth
   346 | D:1      | Reached XP level 3. HP: 23/23 MP: 3/3
   771 | D:2      | Reached skill level 2 in Stealth
   923 | D:2      | Reached XP level 4. HP: 16/28 MP: 4/4
  1543 | D:3      | Reached skill level 4 in Unarmed Combat
  2533 | D:4      | Noticed a sky beast
  2535 | D:4      | Noticed Eustachio
  2540 | D:4      | HP: 1/28 [sky beast (6)]
  2548 | D:4      | Killed a sky beast
  2549 | D:4      | Reached XP level 5. HP: 33/33 MP: 5/5
  2583 | D:4      | Killed from afar by a white imp

Illustrated notes

Levels and vault maps discovered:
D:1:      spicycebolla_arrival_ecumenical, layout_rooms
D:2:      layout_basic
D:3:      layout_loops_ring
D:4:      layout_loops_ring, minmay_temple_entry_statues_pillars,
          minmay_crystal_room, minmay_goblin_kobold_house, uniq_eustachio

Skill      XL: |  1  2  3  4 |
---------------+-------------+-----
Stealth        | 1 2 3 |  3.3
Unarmed Combat | 4 |  4.6
Fighting       | |  1.0
Dodging        | |  2.7
Shapeshifting  | |  3.7

Action                     |  1- 3 |  4- 6 || total
---------------------------+-------+-------++-------
  Melee: Unarmed           |    65 |    81 ||   146
         Constrict         |    17 |    17 ||    34
         Tentacles         |    12 |     9 ||    21
         Punch             |     3 |     4 ||     7
  Throw: Stone             |     2 |     6 ||     8
    Use: Potion            |       |     3 ||     3
         Scroll            |       |     2 ||     2
   Stab: Sleeping          |     2 |     6 ||     8
 Armour: Skin              |    24 |    38 ||    62
  Dodge: Dodged            |    36 |    36 ||    72

Table legend: (Time is in decaauts)
 A = Elapsed time spent in this place.
 B = Non-inter-level travel time spent in this place.
 C = Inter-level travel time spent in this place.
 D = Time resting spent in this place.
 E = Time spent auto-exploring this place.
 F = Levels seen in this place.
 G = Mean time per level.
                   A        B        C        D        E       F      G
               +--------+--------+--------+--------+--------+-----+--------+
         Total |   2575 |   2276 |    299 |    103 |   1651 |   4 |  643.8 |
       Dungeon |   2575 |   2276 |    299 |    103 |   1651 |   4 |  643.8 |
               +--------+--------+--------+--------+--------+-----+--------+

Top non-repeatable levels by time:
     D:2: 1197 daAuts
     D:3: 769 daAuts
     D:1: 488 daAuts
     D:4: 119 daAuts
